 Dungeon Crawl Stone Soup version 0.23.0 (webtiles) character file.

Game seed: 4149589055053914770

35 Catiua the Sneak (level 3, 0/24 HPs)
             Began as a Vampire Enchanter on Feb 17, 2019.
             Slain by an adder (3 damage)
             ... on level 2 of the Dungeon.
             The game lasted 00:06:11 (1033 turns).

Catiua the Sneak (Vampire Enchanter)                Turns: 1033, Time: 00:06:11

Health: 0/24       AC:  3    Str:  7    XL:     3   Next: 16%
Magic:  6/6        EV: 12    Int: 17    God:
Gold:   10         SH:  4    Dex: 15    Spells: 4/7 levels left

rFire    . . .     SeeInvis +   a - +1 dagger
rCold    + . .     Gourm    .   f - +0 buckler
rNeg     + + .     Faith    .   b - +0 robe
rPois    +         Spirit   .   (no helmet)
rElec    .         Reflect  .   i - +0 cloak
rCorr    .         Harm     .   (no gloves)
MR       .....                  (no boots)
Stlth    ++++......             (no amulet)
HPRegen  0.04/turn              (no ring)
MPRegen  0.10/turn              (no ring)

@: lethally poisoned (0 -> -8), regenerating slowly
A: rotting body, fangs 3, see invisible, unbreathing
a: Bat Form


You were on level 2 of the Dungeon.
You were thirsty.

You visited 1 branch of the dungeon, and saw 2 of its levels.

You collected 10 gold pieces.

Inventory:

Hand Weapons
 a - a +1 dagger (weapon)
 n - a +0 dagger of draining
Missiles
 e - 18 poisoned needles
Armour
 b - a +0 robe (worn)
 f - a +0 buckler (worn)
 i - a +0 cloak (worn)
Jewellery
 m - an uncursed ring of magical power {unknown}
Scrolls
 c - 2 scrolls of teleportation {unknown}
 g - 2 scrolls of remove curse {unknown}
 l - a scroll of identify {unknown}
Potions
 d - 5 potions of blood
 h - a potion of might {unknown}
 j - a potion of invisibility {unknown}
 k - a potion of flight {unknown}


   Skills:
 - Level 1.6 Short Blades
 - Level 2.1 Dodging
 + Level 4.9 Stealth
 + Level 0.6 Shields
 * Level 2.5 Spellcasting
 + Level 4.8 Hexes


You had 4 spell levels left.
You knew the following spells:

 Your Spells              Type           Power        Failure   Level  Hunger
a - Corona                Hex            ###....      3%          1    #......
b - Ensorcelled Hibernat  Hex/Ice        ##....       16%         2    ##.....

Your spell library contained the following spells:

 Spells                   Type           Power        Failure   Level  Hunger
 Confuse                  Hex            ###.....     12%         3    ###....
 Tukima's Dance           Hex            ###.....     12%         3    ###....
 Dazzling Spray           Conj/Hex       ##....       30%         3    ###....


Dungeon Overview and Level Annotations

Branches:
Dungeon (2/15)

Altars:

Annotations:
D:2 Terence


Innate Abilities, Weirdness & Mutations

Your body is rotting away.
You thrive on raw meat.
You heal slowly.
You have razor-sharp teeth.
You have supernaturally acute eyesight. (SInv)
You can survive without breathing.


Message History

The hobgoblin hits you but does no damage.
You closely miss the goblin.
The goblin is severely wounded.
The goblin hits you but does no damage. x2
You closely miss the goblin. You bite the goblin.
You kill the goblin!
The hobgoblin misses you. The goblin hits you with a +0 dagger.
* * * LOW HITPOINT WARNING * * *
You hit the adder.
The adder is lightly wounded.
The adder bites you.
* * * LOW HITPOINT WARNING * * *
You are lethally poisoned!
The adder poisons you! You block the goblin's attack.
You block the hobgoblin's attack.
You hit the adder but do no damage.
The adder is lightly wounded.
* * * LOW HITPOINT WARNING * * *
You feel sick. The adder bites you.
You die...

##......
g.....# ##
.....#...
##?...l.
..gg. .
####g####....
#g...<....#
#g##$...#..#
#g@S........
#########..#
.(# #.


You could see an adder, a hobgoblin and 2 goblins.

Vanquished Creatures
  Robin (D:1)
  A dart slug (D:1)
  3 bats (D:1)
  8 goblins
  4 hobgoblins (D:1)
  A kobold (D:1)
  2 rats
20 creatures vanquished.

Notes
Turn   | Place    | Note
-------+----------+-------------------------------------------
     0 | D:1      | Catiua the Vampire Enchanter began the quest for the Orb.
     0 | D:1      | Reached XP level 1. HP: 13/13 MP: 3/3
   519 | D:1      | Reached XP level 2. HP: 12/19 MP: 5/5
   661 | D:1      | Learned a level 2 spell: Ensorcelled Hibernation
   789 | D:2      | Noticed Robin
   816 | D:1      | Killed Robin
   873 | D:1      | Reached XP level 3. HP: 13/24 MP: 0/6
   973 | D:2      | Noticed Terence
  1033 | D:2      | Slain by an adder

Action                   || total
-------------------------++-------
Melee: Dagger            ||    94
       Bite              ||     5
 Cast: Ensorcelled Hiber ||     6
 Stab: Sleeping          ||     6
Armor: Robe              ||    28
Dodge: Dodged            ||    82
Block: Buckler           ||    20
